 Dungeon Crawl Stone Soup version 0.28-a0-850-g09de17f5b5 (webtiles) character file.

Game seed: 1952373650906270271

2 wakim the Ruffian (level 1, 19/19 HPs)
             Began as a Ghoul Monk on Nov 13, 2021.
             Was the Champion of Ignis.
             Safely got out of the dungeon.
             The game lasted 00:01:25 (184 turns).

wakim the Ruffian (Ghoul Monk)                       Turns: 184, Time: 00:01:26

Health: 19/19      AC:  2    Str: 14    XL:     1   Next: 30%
Magic:  0/0        EV: 12    Int:  5    God:    Ignis [******]
Gold:   0          SH:  0    Dex: 11    Spells: 0/0 levels left

rFire   + . .      SeeInvis .     - Unarmed
rCold   + . .      Faith    .   (no shield)
rNeg    + + +      Spirit   .   a - +0 robe
rPois   ∞          Reflect  .   (no helmet)
rElec   .          Harm     .   (no cloak)
rCorr   .          Rampage  .   (no gloves)
Will    .....                   (no boots)
Stlth   ++........              (no amulet)
HPRegen 0.06/turn               (no ring)
MPRegen 0.07/turn               (no ring)

@: no status effects
A: claws 1, cold resistance 1, negative energy resistance 3, inhibited
regeneration, torment resistance 2
a: Renounce Religion, Sea of Fire, Foxfire Swarm, Rising Flame


You escaped.
You worshipped Ignis.
Ignis was exalted by your worship.
You visited 1 branch of the dungeon, and saw 1 of its levels.

Inventory:

Armour
 a - a +0 robe (worn)
Scrolls
 b - a scroll of blinking {unknown}
Potions
 c - a potion of heal wounds {unknown}


   Skills:
 + Level 3.3 Fighting
 - Level 2.6 Dodging
 - Level 2.1 Stealth
 * Level 3.4 Unarmed Combat


You couldn't memorise any spells.
You didn't know any spells.
Your spell library was empty.

Dungeon Overview and Level Annotations

Branches:
Dungeon (1/15)

Altars:
Ignis


Innate Abilities, Weirdness & Mutations

You thrive by killing the living.
You are immune to poison.
You have sharp fingernails.
Your flesh is cold resistant. (rC+)
You are immune to negative energy. (rN+++)
You do not regenerate when monsters are visible.
You are immune to unholy pain and torment.


Message History

Press ? for a list of commands and other information.
Found a black potion.
b - a scroll labelled ZAHOEC ELEOSKO
c - a black potion A goblin comes into view.
It is wielding a +0 dagger.
You closely miss the goblin. You claw the goblin!
You kill the goblin!
No target in view!
You see here a +0 dagger.
A rat comes into view.
A rat is nearby!
The rat barely misses you.
You completely miss the rat. You barely miss the rat.
The rat barely misses you.
You scratch the rat.
You kill the rat!
No target in view!
Found a faded altar of an unknown god.
A giant cockroach comes into view.
There is a faded altar of an unknown god here.
You cannot tell which god this altar belongs to.
Convert to them anyway?
Ignis accepts your prayer! Ignis welcomes you!
You can now rocket upward and away.
Okay, then.
Okay, then.
You don't know any spells.
Unknown command.
Press < or > to pray at altars.
Okay, then.
You don't know any spells.
Okay, then.
Clearing travel trail.
Clearing level map.
There is a staircase leading out of the dungeon here.
Are you sure you want to leave the Dungeon?
This will make you lose the game!
Uppercase [Y]es or [N]o only, please.
Are you sure you want to leave the Dungeon?
This will make you lose the game!
You have escaped!

.. ......... ... ......... ...
........... ...# . ..######.
......... ...#
..##......##........# ...##.
##..........#.......# >....
.............#......# ...#
.......@.....#......# ...#
........##...#......#
...##.#...(.....#.[..#.......####
#.#.............#............
##............##.........####
#........................####
#............................ #
#........................#### #
#........................#


There were no monsters in sight!

Vanquished Creatures
  A goblin (D:1)
  A rat (D:1)
2 creatures vanquished.

Notes
Turn   | Place    | Note
-------+----------+-------------------------------------------
     0 | D:1      | wakim the Ghoul Monk began the quest for the Orb.
     0 | D:1      | Reached XP level 1. HP: 19/19 MP: 0/0
    65 | D:1      | Found a faded altar of an unknown god.
   160 | D:1      | Prayed at the altar of an unknown god.
   160 | D:1      | Became a worshipper of Ignis, the Dying Flame
   160 | D:1      | Reached ****** piety under Ignis
   184 | D:$      | Safely got out of the dungeon.

Illustrated notes

Levels and vault maps discovered:
D:1:      dpeg_arrival_solitude, layout_loops_ring, basic_ecumenical_altar,
          hangedman_decor_peaks_small, serial_bayou_pond_d

Action                   || total
-------------------------++-------
Melee: Unarmed           ||     5
Dodge: Dodged            ||     2

Table legend: (Time is in decaauts)
 A = Elapsed time spent in this place.
 B = Non-inter-level travel time spent in this place.
 C = Inter-level travel time spent in this place.
 D = Time resting spent in this place.
 E = Time spent auto-exploring this place.
 F = Levels seen in this place.
 G = Mean time per level.
                   A        B        C        D        E       F      G
               +--------+--------+--------+--------+--------+-----+--------+
         Total |    183 |    142 |     41 |      0 |    115 |   1 |  183.0 |
       Dungeon |    183 |    142 |     41 |      0 |    115 |   1 |  183.0 |
               +--------+--------+--------+--------+--------+-----+--------+

Top non-repeatable levels by time:
     D:1: 183 daAuts
